 Dungeon Sprint DCSS version 0.28-a0-313-gbc0475efdd (webtiles) character file.

Game seed: 9301247784507699746

766 Ankalagon the Protected (level 7, -4/46 HPs)
             Began as a Gargoyle Fighter on Aug 31, 2021.
             Slain by a wyvern (12 damage)
             ... in the Dungeon (Sprint II: "The Violet Keep of Menkaure").
             The game lasted 00:00:33 (67 turns).

Ankalagon the Protected (Gargoyle Fighter)            Turns: 67, Time: 00:00:34

Health: -4/46      AC: 13    Str: 20    XL:     7   Next: 82%
Magic:  7/7        EV:  8    Int:  8    God:
Gold:   243        SH: 10    Dex: 11    Spells: 6/6 levels left

rFire   . . .      SeeInvis .   a - +0 flail
rCold   . . .      Faith    .   c - +0 kite shield
rNeg    + . .      Spirit   .   b - +0 scale mail
rPois   ∞          Reflect  .   (no helmet)
rElec   +          Harm     .   (no cloak)
rCorr   .          Rampage  .   (no gloves)
Will    .....      NoTele   +   (no boots)
Stlth   ..........              (no amulet)
HPRegen 0.15/turn               (no ring)
MPRegen 0.10/turn               (no ring)

@: mighty
A: sickness immunity, AC +4, negative energy resistance 1, electricity
resistance, torment resistance 1, petrification resistance, deterioration 1,
frail 1, screaming 2
a: no special abilities


You were in the Dungeon.
You visited 1 branch You collected 243 gold pieces.

Inventory:

Hand Weapons
 a - a +0 flail (weapon)
Armour
 b - a +0 scale mail (worn)
 c - a +0 kite shield (worn)
Scrolls
 j - a scroll of blinking
Potions
 e - a potion of curing
 g - a potion of haste
 h - 2 potions of magic


   Skills:
 + Level 9.7 Fighting
 + Level 8.6 Maces & Flails
 + Level 9.7 Armour
 + Level 9.7 Shields


You had 6 spell levels left.
You didn't know any spells.
Your spell library was empty.

Dungeon Overview and Level Annotations

Branches:
Dungeon (1/1)

Altars:


Innate Abilities, Weirdness & Mutations

You are immune to sickness and miasma.
Your stone body is resilient. (AC +4)
You are immune to poison.
You resist negative energy. (rN+)
You are resistant to electric shocks. (rElec)
You are resistant to unholy torment.
You are immune to petrification.
Your body sometimes deteriorates upon taking damage.
You are frail. (-10% HP)
You frequently scream uncontrollably at your foes.


Message History

You sock the scorpion!
The scorpion is almost dead.
The scorpion stings you but does no damage.
You sock the scorpion!
You kill the scorpion!
There is an open door here.
You see here a scorpion corpse. 2 scorpions come into view.
You scream at the scorpion!
You see here 243 gold pieces.
You sock the scorpion!
The scorpion is severely wounded.
The scorpion stings you but does no damage.
You block the scorpion's attack. The scorpion stings you!
You bludgeon the scorpion!!
You kill the scorpion!
The scorpion stings you but does no damage.
You bludgeon the scorpion!!
You kill the scorpion!
You now have 243 gold pieces.
There is an open door here.
You see here a scorpion corpse.
You open the door. 2 wyverns come into view.
You scream at the wyvern!
The wyvern hisses angrily. x2
Found 243 gold pieces.
Okay, then.
Unknown command.
The wyvern misses you.
You barely miss the wyvern. The wyvern barely misses you.
You hit the wyvern.
The wyvern is lightly wounded.
You block the wyvern's attack. x2
You bludgeon the wyvern!!
The wyvern is almost dead.
The wyvern bites you!
* * * LOW HITPOINT WARNING * * *
The wyvern bites you!
You die...

## ## .##
w# ww #
.#. # #.
#+# .#
#.##.##.#
#l@<.'$#
#l##.##..#
#. #†# .#
# ###.# #
#..#..#
##.#.##
##+##


You could see 2 wyverns.

Vanquished Creatures
  4 neqoxecs (D)
  4 scorpions (D)
8 creatures vanquished.

Notes
Turn   | Place    | Note
-------+----------+-------------------------------------------
     0 | D        | Ankalagon the Gargoyle Fighter began the quest for the Orb.
     0 | D        | Reached XP level 1. HP: 14/14 MP: 1/1
     4 | D        | Noticed a neqoxec
     4 | D        | Noticed a neqoxec
     4 | D        | Noticed a neqoxec
     4 | D        | Noticed a neqoxec
    13 | D        | Gained mutation: Your body sometimes deteriorates upon
                  | taking damage. [a neqoxec]
    15 | D        | Killed a neqoxec
    16 | D        | Reached skill level 5 in Maces & Flails
    16 | D        | Reached XP level 2. HP: 11/22 MP: 2/2
    16 | D        | Reached XP level 3. HP: 13/27 MP: 3/3
    16 | D        | Reached XP level 4. HP: 16/32 MP: 4/4
    16 | D        | Reached XP level 5. HP: 18/36 MP: 5/5
    29 | D        | Killed a neqoxec
    29 | D        | Gained mutation: You occasionally shout uncontrollably at
                  | your foes. [a neqoxec]
    30 | D        | Reached XP level 6. HP: 32/44 MP: 6/6
    32 | D        | Gained mutation: You frequently scream uncontrollably at
                  | your foes. [a neqoxec]
    34 | D        | Gained mutation: You are frail. (-10% HP) [a neqoxec]
    36 | D        | Killed a neqoxec
    41 | D        | Killed a neqoxec
    42 | D        | Reached XP level 7. HP: 28/45 MP: 7/7
    63 | D        | Noticed a wyvern
    63 | D        | Noticed a wyvern
    67 | D        | Slain by a wyvern

Illustrated notes

Levels and vault maps discovered:
D:        the_violet_keep_of_menkaure [sprint2_stairs_cluster_1,
          sprint2_shoproom, sprint2_temple, sprint2_basic_supplies,
          sprint2_obstacle_1, sprint2_obstacle_2, sprint2_obstacle_3,
          sprint2_obstacle_6, sprint2_obstacle_7, sprint2_timed_cluster_1,
          sprint2_smallroom_cluster_1, sprint2_smallroom_final_cluster_1,
          sprint2_transparent_cluster_1, sprint2_second_timed_cluster_1,
          sprint2_sniper_area_1, sprint2_heavy_combat_area_1,
          sprint2_mutation_trap_area_1, sprint2_forest_area_1,
          sprint2_light_combat_area_1, sprint2_behind_water_1,
          sprint2_near_end_vault_1]

Skill      XL: |  1  2  3  4  5  6  7 |
---------------+----------------------+-----
Fighting       | 6 7 8 9 |  9.7
Maces & Flails | 5 6 7 8 |  8.6
Armour         | 6 7 8 9 |  9.7
Shields        | 6 7 8 9 |  9.7

Action                   |  1- 3 |  4- 6 |  7- 9 || total
-------------------------+-------+-------+-------++-------
Melee: Flail             |     9 |    24 |    13 ||    46
  Use: Potion            |     1 |     2 |       ||     3
Armor: Scale mail        |     3 |     8 |     6 ||    17
Dodge: Dodged            |       |     5 |     2 ||     7
Block: Kite shield       |     2 |    11 |     4 ||    17

Table legend: (Time is in decaauts)
 A = Elapsed time spent in this place.
 B = Non-inter-level travel time spent in this place.
 C = Inter-level travel time spent in this place.
 D = Time resting spent in this place.
 E = Time spent auto-exploring this place.
 F = Levels seen in this place.
 G = Mean time per level.
                   A        B        C        D        E       F      G
               +--------+--------+--------+--------+--------+-----+--------+
         Total |     86 |     86 |      0 |      0 |      0 |   1 |   86.0 |
       Dungeon |     86 |     86 |      0 |      0 |      0 |   1 |   86.0 |
               +--------+--------+--------+--------+--------+-----+--------+

Top non-repeatable levels by time:
       D: 86 daAuts
